 Dungeon Crawl Stone Soup version 0.23.1 (webtiles) character file.

Game seed: 12110054827568010064

14245 PentaManta the Slicer (level 12, -1/84 HPs)
             Began as a Kobold Assassin on Mar 14, 2019.
             Was an Elder of Nemelex Xobeh.
             Engulfed by a fire crab's flame (18 damage)
             ... on level 12 of the Dungeon.
             The game lasted 01:09:09 (16793 turns).

PentaManta the Slicer (Kobold Assassin)            Turns: 16793, Time: 01:09:09

Health: -1/84      AC:  9    Str: 10    XL:     12   Next: 42%
Magic:  12/12      EV: 26    Int: 12    God:    Nemelex Xobeh [****..]
Gold:   521        SH:  0    Dex: 20    Spells: 11/11 levels left

rFire    . . .     SeeInvis +   j - +1 dagger (venom)
rCold    . . .     Gourm    .   (shield restricted)
rNeg     . . .     Faith    .   u - +2 robe {MR+}
rPois    .         Spirit   .   (no helmet)
rElec    .         Reflect  .   n - +2 cloak
rCorr    .         Harm     .   x - +0 pair of gloves
MR       +....                  H - +0 pair of boots (curse)
Stlth    ++........             (no amulet)
HPRegen  0.24/turn              o - +3 ring of evasion
MPRegen  0.13/turn              G - ring of see invisible

@: confused
A: small, carnivore
a: Draw Escape, Draw Destruction, Draw Summoning, Triple Draw, Deal Four,
Renounce Religion


You were on level 12 of the Dungeon.
You worshipped Nemelex Xobeh.
Nemelex Xobeh was greatly pleased with you.
You were not hungry.

You visited 2 branches of the dungeon, and saw 13 of its levels.

You collected 738 gold pieces.
You spent 217 gold pieces at shops.

Inventory:

Hand Weapons
 b - a +0 blowgun
 f - a +2 short sword of electrocution
 j - a +1 dagger of venom (weapon)
 q - a +0 hunting sling
 t - the +9 arbalest of Irrepressible Laughter {elec, rF- rN++ Str+5}
   (You found it on level 5 of the Dungeon)

   It charges the ammunition it shoots with electricity; occasionally upon a
   hit, such missiles may discharge and cause terrible harm.
   It affects your strength (+5).
   It makes you vulnerable to fire.
   It greatly protects you from negative energy.
 D - a +0 rapier of freezing
Missiles
 e - 106 poisoned needles
 h - 6 needles of frenzy
 r - 200 stones (quivered)
 S - 3 tomahawks
Armour
 l - the +7 chain mail of the Pit {Slay+2}
   (You found it on level 5 of the Dungeon)

   It affects your accuracy and damage with ranged weapons and melee attacks
   (+2).
 n - a +2 cloak (worn)
 u - a +2 robe of magic resistance (worn)
 x - a +0 pair of gloves (worn)
 H - a cursed +0 pair of boots (worn)
 L - a +2 robe of positive energy
 T - a +0 troll leather armour
Magical Staves
 F - an uncursed staff of air {unknown}
Jewellery
 o - a +3 ring of evasion (left hand)
 G - a ring of see invisible (right hand)
 J - a +3 ring of protection {unknown}
 M - an uncursed ring of positive energy
 V - an uncursed ring of stealth {unknown}
Wands
 i - a wand of iceblast (10)
 y - a wand of acid (7)
 B - a wand of random effects (43)
 C - a wand of polymorph (6)
 E - a wand of flame (16)
 N - a wand of digging (2)
 W - a wand of scattershot (5)
Scrolls
 c - 4 scrolls of enchant armour
 d - 3 scrolls of teleportation
 k - 2 scrolls of identify
 w - 2 scrolls of enchant weapon
 K - 2 scrolls of remove curse
 O - a scroll of fog
 Q - 3 scrolls of blinking {unknown}
 R - 2 scrolls of acquirement {unknown}
 U - a scroll of summoning {unknown}
Potions
 a - a potion of agility {unknown}
 m - 2 potions of flight
 p - 6 potions of mutation
 s - a potion of ambrosia
 v - 2 potions of lignification
 z - 2 potions of haste
 P - a potion of magic {unknown}
Miscellaneous
 I - a phantom mirror
Comestibles
 g - 23 rations


   Skills:
 * Level 13.1 Fighting
 + Level 13.8 Short Blades
 - Level 2.1 Throwing
 * Level 9.5 Dodging
 - Level 11.0 Stealth


You had 11 spell levels left.
You didn't know any spells.
Your spell library contained the following spells:

 Spells                   Type           Power        Failure   Level  Hunger
 Flame Tongue             Conj/Fire      #....        32%         1    ##.....
 Magic Dart               Conj           #...         32%         1    ##.....
 Shock                    Conj/Air       #...         32%         1    ##.....
 Blink                    Tloc           N/A          45%         2    ###....
 Call Imp                 Summ           #.......     45%         2    ###....
 Slow                     Hex            #.......     45%         2    ###....
 Swiftness                Chrm/Air       #.......     45%         2    ###....
 Throw Flame              Conj/Fire      #.....       45%         2    ###....
 Conjure Flame            Conj/Fire      #.......     69%         3    ####...
 Inner Flame              Hex/Fire       #.......     69%         3    ####...
 Mephitic Cloud           Conj/Pois/Air  #.......     69%         3    ####...
 Static Discharge         Conj/Air       #.......     69%         3    ####...
 Airstrike                Air            #.........   97%         4    #####..
 Sticky Flame             Conj/Fire      #.......     97%         4    #####..
 Fireball                 Conj/Fire      #.........   100%        5    ######.
 Lightning Bolt           Conj/Air       #.........   100%        5    ######.


Dungeon Overview and Level Annotations

Branches:
Dungeon (12/15)            Temple (1/1) D:5            Lair (0/6) D:8
    Orc (0/2) D:10

Altars:
Ashenzari
Cheibriados
Dithmenos
Elyvilon
Fedhas
Gozag
Hepliaklqana
Kikubaaqudgha
Makhleb
Nemelex Xobeh
Okawaru
Qazlal
Ru
Sif Muna
Trog
Uskayaw
Vehumet
Wu Jian
Xom
Yredelemnul
Zin
The Shining One

Shops:
D:4 !   D:5 [   D:6 *   D:10 :

Annotations:
D:3 1 runed translucent door, Acheron's ghost, weakling VSAr


Innate Abilities, Weirdness & Mutations

You are small and have problems with some larger weapons.
You are carnivorous and can eat meat at any time.


Message History

The fire crab breathes flames at you. The blast of flame misses you.
The fire crab misses you.
The fire crab claws you but does no damage.
You hit the fire crab.
The fire crab is poisoned.
The fire crab is heavily wounded.
You hit the fire crab but do no damage.
The fire crab looks as sick as possible!
The fire crab is heavily wounded.
The fire crab breathes flames at you. The blast of flame engulfs you.
You are confused.
You feel invigorated.
You are engulfed in blazing flames.
* * * LOW HITPOINT WARNING * * *
The fire crab breathes flames at you. The blast of flame engulfs you.
* * * LOW HITPOINT WARNING * * *
You bump into the rock wall.
You are engulfed in blazing flames.
You die...
Your body glows slightly and disappears.

##.#.####.#.####.####..####
<......................#
.................#####.#
##.######...>..### .#
.............# .#
.#.#####.....# ..
.....°°°....# #.#####t#.###
#.#####@#.# #.....°°°.#
#######.#.# #.#.# #.# # #.#
#.# ..# ###


You could see a fire crab.

Vanquished Creatures
  A hydra (D:11)
  2 two-headed ogres
  An ugly thing (D:11)
  Maurice (D:8)
  A gargoyle (D:9)
  2 queen bees
  3 trolls
  A blink frog (D:8)
  4 slime creatures (D:12)
  A tarantella (D:11)
  11 yaks
  2 wraiths
  Grum (D:10)
  A hungry ghost (D:7)
  Menkaure (D:7)
  A naga (D:9)
  A water moccasin (D:10)
  4 orc warriors
  A swamp drake (D:11)
  2 ice beasts
  3 ogres
  3 phantoms
  2 sky beasts
  3 centaurs
  4 wolves (D:10)
  A big kobold (D:11)
  3 bullfrogs (D:8)
  A gnoll sergeant (D:6)
  A water moccasin zombie (D:10)
  2 scorpions
  22 killer bees
  16 wights
  An electric eel (D:7)
  A howler monkey (D:4)
  3 crimson imps
  A jelly (D:7)
  4 hounds
  16 orc wizards
  A bullfrog skeleton (D:2)
  7 orc priests
  Crazy Yiuf (D:7)
  3 iguanas
  A centaur skeleton (D:11)
  9 worker ants
  A killer bee zombie (D:9)
  A hound skeleton (D:4)
  A howler monkey zombie (D:6)
  14 gnolls
  13 adders
  2 shadow imps (D:6)
  An ooze (D:2)
  2 adder skeletons (D:9)
  A worm (D:3)
  2 dart slugs (D:1)
  6 leopard geckos
  71 orcs
  3 ball pythons
  7 giant cockroaches
  6 goblins
  12 hobgoblins
  16 jackals
  6 quokkas
  10 bats
  9 frilled lizards
  14 kobolds
  A leopard gecko skeleton (D:5)
  A quokka skeleton (D:4)
  3 rats
354 creatures vanquished.

Vanquished Creatures (collateral kills)
  An ogre (D:6)
1 creature vanquished.

Vanquished Creatures (others)
  A two-headed ogre (D:9)
  An orc warrior (D:9)
  An orc (D:10)
3 creatures vanquished.

Grand Total: 358 creatures vanquished

Notes
Turn   | Place    | Note
-------+----------+-------------------------------------------
     0 | D:1      | PentaManta the Kobold Assassin began the quest for the Orb.
     0 | D:1      | Reached XP level 1. HP: 12/12 MP: 1/1
   168 | D:1      | Reached XP level 2. HP: 17/18 MP: 2/2
   360 | D:1      | Reached XP level 3. HP: 18/22 MP: 3/3
   836 | D:2      | Found a faded altar of an unknown god.
  1029 | D:2      | Reached XP level 4. HP: 26/28 MP: 4/4
  1521 | D:3      | Reached XP level 5. HP: 20/33 MP: 5/5
  1954 | D:3      | Reached skill level 5 in Short Blades
  2100 | D:3      | Reached XP level 6. HP: 38/39 MP: 6/6
  2207 | D:3      | Found a runed translucent door.
  2208 | D:3      | Noticed a troll
  2208 | D:3      | Noticed Acheron's ghost (weakling VSAr)
  2626 | D:4      | Found a basalt altar of Yredelemnul.
  2626 | D:4      | Found a deep blue altar of Sif Muna.
  2632 | D:5      | Entered Level 5 of the Dungeon
  2670 | D:5      | Found a staircase to the Ecumenical Temple.
  2675 | Temple   | Entered the Ecumenical Temple
  2929 | D:5      | Noticed an ice beast
  3417 | D:4      | Noticed a sky beast
  3485 | D:5      | Got a smelly chain mail
  3569 | D:5      | Reached skill level 5 in Fighting
  3583 | D:5      | Found a sparkling altar of Nemelex Xobeh.
  3587 | D:5      | Got a smoking arbalest
  3590 | D:5      | Became a worshipper of Nemelex Xobeh the Trickster
  3604 | D:5      | Received a gift from Nemelex Xobeh
  3670 | D:5      | Found Coacuel's Antique Armour Emporium.
  3695 | D:5      | Reached XP level 7. HP: 22/44 MP: 7/7
  3873 | D:5      | Bought a glowing robe for 96 gold pieces
  4292 | D:4      | Reached XP level 8. HP: 51/51 MP: 8/8
  5040 | D:4      | Identified the +7 chain mail of the Pit {Slay+2} (You found
                  | it on level 5 of the Dungeon)
  5041 | D:4      | Identified the +9 arbalest of Irrepressible Laughter {elec,
                  | rF- rN++ Str+5} (You found it on level 5 of the Dungeon)
  5416 | D:4      | Found Aqax Roq's Distillery.
  5423 | D:4      | Bought a potion of lignification for 33 gold pieces
  5423 | D:4      | Bought a potion of heal wounds for 55 gold pieces
  5423 | D:4      | Bought a potion of curing for 33 gold pieces
  5583 | D:4      | Reached * piety under Nemelex Xobeh
  5743 | D:4      | Reached XP level 9. HP: 57/57 MP: 9/9
  6054 | D:6      | Received a gift from Nemelex Xobeh
  6290 | D:6      | Reached skill level 10 in Stealth
  6452 | D:6      | Found Cobbuno's Lightly-Used Armoury.
  6654 | D:6      | Received a gift from Nemelex Xobeh
  6661 | D:6      | Reached ** piety under Nemelex Xobeh
  6776 | D:6      | Found a radiant altar of Vehumet.
  7361 | D:7      | Noticed Menkaure
  7600 | D:7      | Killed Menkaure
  7862 | D:7      | Received a gift from Nemelex Xobeh
  7883 | D:7      | Found a hide-covered altar of Uskayaw.
  8027 | D:7      | Found a runed translucent door.
  8028 | D:7      | Noticed Crazy Yiuf
  8035 | D:7      | Killed Crazy Yiuf
  8140 | D:8      | Noticed Maurice
  8147 | D:8      | Killed Maurice
  8147 | D:8      | Reached skill level 10 in Short Blades
  8184 | D:8      | Noticed a queen bee
  8202 | D:8      | Killed a queen bee
  8202 | D:8      | Reached XP level 10. HP: 53/66 MP: 10/10
  8244 | D:8      | Found a sparkling altar of Nemelex Xobeh.
  8683 | D:8      | Found a shattered altar of Ashenzari.
  8929 | D:8      | Found a staircase to the Lair.
  9015 | D:8      | Found a bloodstained altar of Trog.
  9447 | D:8      | Reached skill level 10 in Fighting
  9763 | D:9      | Received a gift from Nemelex Xobeh
  9806 | D:9      | Noticed a two-headed ogre
  9889 | D:9      | Killed a two-headed ogre
 10139 | D:9      | Noticed an orb spider
 10139 | D:9      | a yak changed into an orb spider
 10151 | D:9      | an orb spider changed into a naga
 10461 | D:8      | Reached XP level 11. HP: 47/73 MP: 11/11
 11541 | D:9      | Reached skill level 5 in Dodging
 11549 | D:9      | Noticed a two-headed ogre
 11556 | D:9      | Killed a two-headed ogre
 11958 | D:9      | Reached *** piety under Nemelex Xobeh
 12417 | D:10     | Entered Level 10 of the Dungeon
 12488 | D:10     | Found Beom's Book Emporium.
 12635 | D:10     | Noticed Grum
 12676 | D:10     | Killed Grum
 12808 | D:10     | Received a gift from Nemelex Xobeh
 12963 | D:10     | Received a gift from Nemelex Xobeh
 13128 | D:10     | Found a staircase to the Orcish Mines.
 13866 | D:11     | Reached **** piety under Nemelex Xobeh
 13879 | D:11     | Noticed a four-headed hydra
 13880 | D:11     | Noticed Urug
 14538 | D:11     | Noticed a brown ugly thing
 14584 | D:11     | Killed a brown ugly thing
 14893 | D:11     | Reached XP level 12. HP: 82/82 MP: 12/12
 15054 | D:11     | Received a gift from Nemelex Xobeh
 15082 | D:11     | Noticed Urug
 15082 | D:11     | Urug changed into Urug the tarantella
 15088 | D:11     | Killed Urug the tarantella
 15340 | D:11     | Identified the +5 ring mail "Tucs" {+Fly Int+2}
 15427 | D:11     | Killed a four-headed hydra
 16498 | D:12     | Noticed a two-headed ogre
 16502 | D:12     | Killed a two-headed ogre
 16770 | D:12     | Noticed a five-headed hydra
 16781 | D:12     | Noticed an entropy weaver
 16781 | D:12     | a five-headed hydra changed into an entropy weaver
 16782 | D:12     | Noticed a fire crab
 16782 | D:12     | an entropy weaver changed into a fire crab
 16793 | D:12     | Engulfed by a fire crab's flame

Skill      XL: |  1  2  3  4  5  6  7  8  9 10 11 12 |
---------------+-------------------------------------+-----
Short Blades   | 3 4 5 6 7 8 10 12 13 | 13.8
Fighting       | 3 4 5 6 7 9 10 12 13 | 13.1
Stealth        | 6 7 9 11 | 11.0
Dodging        | 3 8 9 |  9.5
Throwing       | |  2.1

Action                   |  1- 3 |  4- 6 |  7- 9 | 10-12 || total
-------------------------+-------+-------+-------+-------++-------
Melee: Dagger            |    88 |   337 |   543 |   624 ||  1592
       Short sword       |       |       |    20 |    66 ||    86
       Rapier            |       |       |       |   388 ||   388
 Fire: Blowgun           |       |     2 |       |     1 ||     3
Throw: Stone             |       |     7 |    13 |    26 ||    46
 Abil: Draw Destruction  |       |       |     1 |    23 ||    24
       Draw Summoning    |       |       |     1 |       ||     1
Evoke: Wand              |       |       |     1 |    16 ||    17
  Use: Scroll            |     6 |     7 |    11 |     2 ||    26
       Potion            |       |     4 |     1 |     5 ||    10
 Stab: Sleeping          |    19 |     9 |    16 |    15 ||    59
       Distracted        |       |     1 |     2 |     7 ||    10
  Eat: Chunk             |       |    13 |    15 |    22 ||    50
       Ration            |       |       |     1 |       ||     1
Armor: Robe              |     4 |    45 |    87 |    88 ||   224
Dodge: Dodged            |    43 |   242 |   273 |   624 ||  1182
